Workbook
Name APPORTEUR: Données!$B$1:$B$107
Name BANQUE: Données!$AH$1:$AH$143
Name CIVIL: Données!$AG$2:$AG$4
Name CIVILBQ: [1]Données!$A$1:$A$3
Name COMMERCIAL: Données!$AA$1:$AA$11
Name ETATDOSSIER: Données!$AC$1:$AC$8
Name ETATPROJET: Données!$AB$1:$AB$6
Name FACTURATION: Données!$AE$1:$AE$4
Name OUIouNON: Données!$A$1:$A$3
Name TYPEOPERATION: Données!$BA$1:$BA$17
Name USAGELOGEMENT: Données!$BB$1:$BB$5

Sheet Tableau de bord
B1: ETAT CIVIL
B2: Emprunteur | D2: Co-Emprunteur
B3: Nom: | D3: Nom:
B4: Prénom: | D4: Prénom:
B5: Civilité: | D5: Civilité:
B7: Adresse : | D7: Adresse : | E7: =C7 -> 0
B8: CP : | D8: CP : | E8: =C8 -> 0
B9: Ville : | D9: Ville : | E9: =C9 -> 0
B11: Date de Naissance : | D11: Date de Naissance : | E11: 31826
A13: Crée le : | B13: =IF(ISBLANK(C3)," ",TODAY()) | E13: Facturation: | F13: Date envoi : | G13: Montant du prêt : | H13: Montant facture | I13: Réglé le : | J13: N°facture:
A14: Nom de l'affaire : | B14: =CONCATENATE(C3,"/",E3) -> / | E14: COMMISSION BANQUE | H14: =G14*0.01 -> 0
A15: Type d'opération : | E15: HONORAIRES SOLFI CREDITS
A16: Usage du logement : | E16: RISTOURNE APPORTEUR
A17: Etat du projet:
A18: Commercial:
A19: Apporteur: | E19: TABLEAU DES COORDONNEES | F19: Apporteur | G19: Banque Choisie | H19: Coordonnées banque 1 | I19: Coordonnées banque 2 | J19: Coordonnées banque 3 | K19: Coordonnées banque 4 | L19: Coordonnées banque 5
A20: Date compromis: | E20: Etablissement | F20: =VLOOKUP($B$19,Tableau2[],1) -> #N/A | G20: =VLOOKUP($A$30,Tableau1[],1) -> #N/A | H20: =VLOOKUP($A$24,Tableau1[],1) -> #N/A | I20: =VLOOKUP($A$25,Tableau1[],1) -> #N/A | J20: =VLOOKUP($A$26,Tableau1[],1) -> #N/A | K20: =VLOOKUP($A$27,Tableau1[],1) -> #N/A | L20: =VLOOKUP($A$28,Tableau1[],1) -> #N/A
A21: Date de signature: | E21: Civil Conseiller 1 | G21: =VLOOKUP($A$30,Tableau1[],2) -> #N/A | H21: =VLOOKUP($A$24,Tableau1[],2) -> #N/A | I21: =VLOOKUP($A$25,Tableau1[],2) -> #N/A | J21: =VLOOKUP($A$26,Tableau1[],2) -> #N/A | K21: =VLOOKUP($A$27,Tableau1[],2) -> #N/A | L21: =VLOOKUP($A$28,Tableau1[],2) -> #N/A
E22: Nom Conseiller 1 | F22: =VLOOKUP($B$19,Tableau2[],2) -> #N/A | G22: =VLOOKUP($A$30,Tableau1[],3) -> #N/A | H22: =VLOOKUP($A$24,Tableau1[],3) -> #N/A | I22: =VLOOKUP($A$25,Tableau1[],3) -> #N/A | J22: =VLOOKUP($A$26,Tableau1[],3) -> #N/A | K22: =VLOOKUP($A$27,Tableau1[],3) -> #N/A | L22: =VLOOKUP($A$28,Tableau1[],3) -> #N/A
A23: Demande de prêt: | B23: Etat: | C23: Envoyé: | E23: Prénom Conseiller 1 | F23: =VLOOKUP($B$19,Tableau2[],3) -> #N/A | G23: =VLOOKUP($A$30,Tableau1[],4) -> #N/A | H23: =VLOOKUP($A$24,Tableau1[],4) -> #N/A | I23: =VLOOKUP($A$25,Tableau1[],4) -> #N/A | J23: =VLOOKUP($A$26,Tableau1[],4) -> #N/A | K23: =VLOOKUP($A$27,Tableau1[],4) -> #N/A | L23: =VLOOKUP($A$28,Tableau1[],4) -> #N/A
E24: Email Conseiller 1 | F24: =VLOOKUP($B$19,Tableau2[],11) -> #N/A | G24: =VLOOKUP($A$30,Tableau1[],5) -> #N/A | H24: =VLOOKUP($A$24,Tableau1[],5) -> #N/A | I24: =VLOOKUP($A$25,Tableau1[],5) -> #N/A | J24: =VLOOKUP($A$26,Tableau1[],5) -> #N/A | K24: =VLOOKUP($A$27,Tableau1[],5) -> #N/A | L24: =VLOOKUP($A$28,Tableau1[],5) -> #N/A
E25: Civil Conseiller 2 | G25: =VLOOKUP($A$30,Tableau1[],6) -> #N/A | H25: =VLOOKUP($A$24,Tableau1[],6) -> #N/A | I25: =VLOOKUP($A$25,Tableau1[],6) -> #N/A | J25: =VLOOKUP($A$26,Tableau1[],6) -> #N/A | K25: =VLOOKUP($A$27,Tableau1[],6) -> #N/A | L25: =VLOOKUP($A$28,Tableau1[],6) -> #N/A
E26: Nom Conseiller 2 | G26: =VLOOKUP($A$30,Tableau1[],7) -> #N/A | H26: =VLOOKUP($A$24,Tableau1[],7) -> #N/A | I26: =VLOOKUP($A$25,Tableau1[],7) -> #N/A | J26: =VLOOKUP($A$26,Tableau1[],7) -> #N/A | K26: =VLOOKUP($A$27,Tableau1[],7) -> #N/A | L26: =VLOOKUP($A$28,Tableau1[],7) -> #N/A
E27: Prénom Conseiller 2 | G27: =VLOOKUP($A$30,Tableau1[],8) -> #N/A | H27: =VLOOKUP($A$24,Tableau1[],8) -> #N/A | I27: =VLOOKUP($A$25,Tableau1[],8) -> #N/A | J27: =VLOOKUP($A$26,Tableau1[],8) -> #N/A | K27: =VLOOKUP($A$27,Tableau1[],8) -> #N/A | L27: =VLOOKUP($A$28,Tableau1[],8) -> #N/A
E28: Email Conseiller 2 | G28: =VLOOKUP($A$30,Tableau1[],9) -> #N/A | H28: =VLOOKUP($A$24,Tableau1[],9) -> #N/A | I28: =VLOOKUP($A$25,Tableau1[],9) -> #N/A | J28: =VLOOKUP($A$26,Tableau1[],9) -> #N/A | K28: =VLOOKUP($A$27,Tableau1[],9) -> #N/A | L28: =VLOOKUP($A$28,Tableau1[],9) -> #N/A
A29: Banque retenue | B29: Conditions | C29: Date Accord | E29: Adresse | F29: =VLOOKUP($B$19,Tableau2[],4) -> #N/A | G29: =VLOOKUP($A$30,Tableau1[],10) -> #N/A | H29: =VLOOKUP($A$24,Tableau1[],10) -> #N/A | I29: =VLOOKUP($A$25,Tableau1[],10) -> #N/A | J29: =VLOOKUP($A$26,Tableau1[],10) -> #N/A | K29: =VLOOKUP($A$27,Tableau1[],10) -> #N/A | L29: =VLOOKUP($A$28,Tableau1[],10) -> #N/A
A30: =IF(B24="Prêt réalisé",A24,IF(B25="Prêt réalisé",A25,IF(B26="Prêt réalisé",A26,IF(B27="Prêt réalisé",A27,IF(B28="Prêt réalisé",A28,"Aucune"))))) -> Aucune | C30: =IF(A30<>"Aucune",TODAY(),"") | E30: Adresse2 | F30: =VLOOKUP($B$19,Tableau2[],1) -> #N/A | G30: =VLOOKUP($A$30,Tableau1[],11) -> #N/A | H30: =VLOOKUP($A$24,Tableau1[],11) -> #N/A | I30: =VLOOKUP($A$25,Tableau1[],11) -> #N/A | J30: =VLOOKUP($A$26,Tableau1[],11) -> #N/A | K30: =VLOOKUP($A$27,Tableau1[],11) -> #N/A | L30: =VLOOKUP($A$28,Tableau1[],11) -> #N/A
E31: Code Postal | F31: =VLOOKUP($B$19,Tableau2[],6) -> #N/A | G31: =VLOOKUP($A$30,Tableau1[],12) -> #N/A | H31: =VLOOKUP($A$24,Tableau1[],12) -> #N/A | I31: =VLOOKUP($A$25,Tableau1[],12) -> #N/A | J31: =VLOOKUP($A$26,Tableau1[],12) -> #N/A | K31: =VLOOKUP($A$27,Tableau1[],12) -> #N/A | L31: =VLOOKUP($A$28,Tableau1[],12) -> #N/A
E32: Ville | F32: =VLOOKUP($B$19,Tableau2[],5) -> #N/A | G32: =VLOOKUP($A$30,Tableau1[],13) -> #N/A | H32: =VLOOKUP($A$24,Tableau1[],13) -> #N/A | I32: =VLOOKUP($A$25,Tableau1[],13) -> #N/A | J32: =VLOOKUP($A$26,Tableau1[],13) -> #N/A | K32: =VLOOKUP($A$27,Tableau1[],13) -> #N/A | L32: =VLOOKUP($A$28,Tableau1[],13) -> #N/A
E33: Boite Postale | F33: =VLOOKUP($B$19,Tableau2[],7) -> #N/A | G33: =VLOOKUP($A$30,Tableau1[],14) -> #N/A | H33: =VLOOKUP($A$24,Tableau1[],14) -> #N/A | I33: =VLOOKUP($A$25,Tableau1[],14) -> #N/A | J33: =VLOOKUP($A$26,Tableau1[],14) -> #N/A | K33: =VLOOKUP($A$27,Tableau1[],14) -> #N/A | L33: =VLOOKUP($A$28,Tableau1[],14) -> #N/A
E34: Cedex | F34: =VLOOKUP($B$19,Tableau2[],8) -> #N/A | G34: =VLOOKUP($A$30,Tableau1[],15) -> #N/A | H34: =VLOOKUP($A$24,Tableau1[],15) -> #N/A | I34: =VLOOKUP($A$25,Tableau1[],15) -> #N/A | J34: =VLOOKUP($A$26,Tableau1[],15) -> #N/A | K34: =VLOOKUP($A$27,Tableau1[],15) -> #N/A | L34: =VLOOKUP($A$28,Tableau1[],15) -> #N/A
E35: Teléphone Agence | F35: =CONCATENATE(VLOOKUP($B$19,Tableau2[],9)," Ou ",VLOOKUP($B$19,Tableau2[],10)) -> #N/A | G35: =VLOOKUP($A$30,Tableau1[],16) -> #N/A | H35: =VLOOKUP($A$24,Tableau1[],16) -> #N/A | I35: =VLOOKUP($A$25,Tableau1[],16) -> #N/A | J35: =VLOOKUP($A$26,Tableau1[],16) -> #N/A | K35: =VLOOKUP($A$27,Tableau1[],16) -> #N/A | L35: =VLOOKUP($A$28,Tableau1[],16) -> #N/A
E36: Fax Agence | G36: =VLOOKUP($A$30,Tableau1[],17) -> #N/A | H36: =VLOOKUP($A$24,Tableau1[],17) -> #N/A | I36: =VLOOKUP($A$25,Tableau1[],17) -> #N/A | J36: =VLOOKUP($A$26,Tableau1[],17) -> #N/A | K36: =VLOOKUP($A$27,Tableau1[],17) -> #N/A | L36: =VLOOKUP($A$28,Tableau1[],17) -> #N/A
E37: Email Agence | F37: =VLOOKUP($B$19,Tableau2[],11) -> #N/A | G37: =VLOOKUP($A$30,Tableau1[],18) -> #N/A | H37: =VLOOKUP($A$24,Tableau1[],18) -> #N/A | I37: =VLOOKUP($A$25,Tableau1[],18) -> #N/A | J37: =VLOOKUP($A$26,Tableau1[],18) -> #N/A | K37: =VLOOKUP($A$27,Tableau1[],18) -> #N/A | L37: =VLOOKUP($A$28,Tableau1[],18) -> #N/A
A39: Actions commerciales:
A41: DATE | B41: CLIENT | E41: APPORTEUR | H41: =A24 -> 0 | K41: =A25 -> 0 | N41: =A26 -> 0 | Q41: =A27 -> 0 | T41: =A28 -> 0
A42: =IF(OR(B42<>0,E42<>0,H42<>0,K42<>0,N42<>0,Q42<>0,T42<>0),TODAY(),"")

Sheet CCRF
E2: Contrat de Conseil en Recherche de Financement
H3: Mandat n°
G9: =CONCATENATE(Fact.Honoraires!E9,)
G10: =CONCATENATE(Fact.Honoraires!E10)
G12: ='Tableau de bord'!C7 -> 0
G14: =CONCATENATE('Tableau de bord'!$C$8," ",'Tableau de bord'!$C$9)
A18: Il a été convenu de ce qui suit :
A20: 1. Objet du Mandat : Le Mandant confère au Mandataire, qui l’accepte, Mandat de rechercher auprès de tout établissement
A21: =CONCATENATE("bancaire ou financier une offre de prêt pour un montant envisagé de : "," ",'Tableau de bord'!G14," ","Euros") -> bancaire ou financier une offre de prêt pour un montant envisagé de : Euros
A23: Le Mandat confié au Mandataire sera parfaitement exécuté dès l’acceptation par le Mandant d’une offre de prêt émise par l’un
A24: des établissements bancaires ou financiers sollicités par le Mandataire.
A26: 2. Engagements du Mandant :
A27: Le Mandant s’engage :
A28: · à fournir au Mandataire toutes les pièces nécessaires à la bonne constitution de son dossier ;
A29: · à garantir l’exactitude et la conformité des documents et renseignements fournis.
A30: 3. Engagements du Mandataire :
A31: Le Mandataire s’engage :
A32: · à sélectionner l’établissement bancaire ou financier le plus approprié ;
A33: · à déposer le dossier de demande de prêt dans la semaine suivant sa constitution complète par le Mandant ;
A34: · à apporter au Mandant son assistance jusqu’à la signature de l’acte de prêt.
A36: 4. Durée du Contrat :
... A42: Aucune rémunération n’est due au Mandataire si le prêt n’est pas accordé.
A43: =CONCATENATE("En contrepartie de sa mission réalisée, le Mandataire percevra une rémunération fixée à :"," (",'Tableau de bord'!H15,"€"," )") -> En contrepartie de sa mission réalisée, le Mandataire percevra une rémunération fixée à : (€ )
A45: Cette rémunération sera réglée au Mandataire dès que les fonds prêtés auront été versés.
A46: Le mandant donne mandat irrévocable à l’organisme de crédit en cas d’acte de prêt sous seing privé ou au notaire
A47: en cas d’acte de prêt authentique de régler la commission au mandataire par prélèvement sur les fonds prêtés.
A49: Les Parties font élection de domicile à leurs adresses respectives, mentionnées ci-dessus.
A51: =CONCATENATE("Fait à Voisins le Bretonneux, le"," ",TEXT('Tableau de bord'!F15,"jj/mm/aaaa")) -> Fait à Voisins le Bretonneux, le 00/01/1900
A52: En deux exemplaires originaux, un pour le Mandant, un pour le Mandataire.
A55: Signature du Mandataire | H55: Signature du Mandant
A56: (Précédée de la mention « bon pour acceptation de mandat ») | H56: (Précédée de la mention « bon pour mandat »)

Sheet Fact.Honoraires
E9: =CONCATENATE('Tableau de bord'!C5," ",'Tableau de bord'!C4," ",'Tableau de bord'!C3)
E10: =CONCATENATE('Tableau de bord'!E5," ",'Tableau de bord'!E4," ",'Tableau de bord'!E3)
E11: ='Tableau de bord'!C7 -> 0
E13: =CONCATENATE('Tableau de bord'!$C$8," ",'Tableau de bord'!$C$9)
E15: Fait à Voisins le Bretonneux
E16: =CONCATENATE("Le"," ",TEXT('Tableau de bord'!F15,"jj/mm/aaaa")) -> Le 00/01/1900
A23: En règlement de nos frais d’étude financière sollicitée par vos soins :
A24: Montant de nos honoraires :
A27: Montant HT : | C27: ='Tableau de bord'!H15 -> 0
A28: Montant TVA : | C28: 0
A29: Montant TTC : | C29: ='Tableau de bord'!H15 -> 0
F45: LA DIRECTION
A49: En votre aimable règlement.

Sheet Fact.Comm.Bq
G23: =IF('Tableau de bord'!G33=0,"",CONCATENATE("BP ",'Tableau de bord'!G33)) -> #N/A
G25: Fait à Voisins le Bretonneux
G26: =CONCATENATE("Le"," ",TEXT('Tableau de bord'!F14,"jj/mm/aaaa")) -> Le 00/01/1900
C31: Emprunteur | D31: : | E31: =CONCATENATE(Fact.Honoraires!E9," ","né( e ) le"," ",TEXT('Tableau de bord'!C11,"jj/mm/aaaa")) -> né( e ) le 00/01/1900
C33: Co-emprunteur | D33: : | E33: =CONCATENATE(Fact.Honoraires!E10," ","né( e ) le"," ",TEXT('Tableau de bord'!E11,"jj/mm/aaaa")) -> né( e ) le 18/02/1987
C35: Type d'opération | D35: : | E35: =CONCATENATE('Tableau de bord'!B15," ","à usage de"," ",'Tableau de bord'!B16) -> à usage de
A38: =CONCATENATE("Facture N°",'Tableau de bord'!J14) -> Facture N°
C43: En règlement de notre commission concernant le dossier cité en référence :
C48: Montant du/des prêt(s) : | F48: Commission :
C49: ='Tableau de bord'!G14 -> 0 | F49: ='Tableau de bord'!H14 -> 0
F53: Total à régler : | G53: ='Tableau de bord'!H14 -> 0
G74: LA DIRECTION
C78: En votre aimable règlement.

Sheet Fact.Ristourne
F9: ='Tableau de bord'!B19 -> 0
F10: A l'attention du service facturation
F11: ='Tableau de bord'!F29 -> #N/A
F12: =CONCATENATE('Tableau de bord'!F31," ",'Tableau de bord'!F32) -> #N/A
F13: =IF('Tableau de bord'!F34=0,"",CONCATENATE("BP ",'Tableau de bord'!F34)) -> #N/A
F14: =IF('Tableau de bord'!L33=0,"",CONCATENATE("Cedex ",'Tableau de bord'!L33)) -> #N/A
F16: Fait à Voisins le Bretonneux
F17: =CONCATENATE("Le"," ",TEXT('Tableau de bord'!F16,"jj/mm/aaaa")) -> Le 00/01/1900
B22: Emprunteur : | C22: =CONCATENATE(Fact.Honoraires!E9," ","né( e ) le"," ",TEXT('Tableau de bord'!C11,"jj/mm/aaaa")) -> né( e ) le 00/01/1900
B23: Co-emprunteur : | C23: =CONCATENATE(Fact.Honoraires!E10," ","né( e ) le"," ",TEXT('Tableau de bord'!E11,"jj/mm/aaaa")) -> né( e ) le 18/02/1987
B24: Type d'opération : | C24: =CONCATENATE('Tableau de bord'!B15," ","à usage de"," ",'Tableau de bord'!B16) -> à usage de
A29: =CONCATENATE("Facture N°",'Tableau de bord'!J16) -> Facture N°
B31: Madame, Monsieur,
B32: Nous vous prions de trouver ci-joint un chèque
B33: Montant………... : | C33: ='Tableau de bord'!H16 -> 0
B36: correspondant au commissionnement vous revenant suite à l’affaire citée en référence.
B37: Cette somme est à déclarer à l’administration fiscale.
B38: Vous en souhaitant bonne réception,
B39: Veuillez agréer, Madame, Monsieur, l’expression de nos salutations distinguées.
E45: LA DIRECTION

Sheet Publipostage
C2: PUBLIPOSTAGE
C5: CLIENT
D9: =Fact.Honoraires!$E$9
D10: =IF('Tableau de bord'!E3=0,"",CONCATENATE("Et ",'Tableau de bord'!E5," ",'Tableau de bord'!E4," ",'Tableau de bord'!E3))
C13: APPORTEUR
D16: =Fact.Ristourne!F9 -> 0
D17: =Fact.Ristourne!F10 -> A l'attention du service facturation
D18: =Fact.Ristourne!F11 -> #N/A
D19: =Fact.Ristourne!F12 -> #N/A
C21: BANQUE
D25: =Fact.Comm.Bq!$G$13 -> 0
D26: =Fact.Comm.Bq!$G$14 -> 0
D27: =Fact.Comm.Bq!$G$15 -> 0
D28: =Fact.Comm.Bq!$G$16 -> 0
D29: =Fact.Comm.Bq!$G$17 -> 0 | E29: Paris Cedex 13
D30: =Fact.Comm.Bq!$G$23 -> #N/A

Sheet Données
A1: OUIouNON | B1: APPORTEUR | C1: Nom | D1: Prenom | E1: Adresse1 | F1: Ville | G1: CPostal | H1: BPostale | I1: Cedex | J1: Tel. fixe | K1: Tel. portable | L1: Email | M1: GroupeAppLibelle | N1: AgentNom | O1: AgentPrenom | P1: AgenceVille | AA1: COMMERCIAL | AB1: ETATPROJET | AC1: ETATDOSSIER | AE1: FACTURATION | AG1: CIVIL | AH1: BANQUE | AI1: Civil | AJ1: Nom | AK1: Prenom | AL1: Email | AM1: Civil 2 | AN1: Nom 2 | AO1: Prénom 2 | AP1: Email 2 | AQ1: Adresse1 | AR1: Adresse2 | AS1: CPostal | AT1: Ville | AU1: BPostale | AV1: Cedex | AW1: Telephone | AX1: TelFax | AY1: Email Agence | BA1: TYPEOPERATION | BB1: USAGELOGEMENT
A2: oui | AA2: Ilan ANNIBALETTO | AB2: Recherche du bien | AC2: Diagnostic | AE2: Honoraires | AG2: Mr. | BA2: Terrain | BB2: habitation principale
A3: non | AA3: Maxime LOWCZYK | AB3: Bien trouvé | AC3: Plan simulé | AE3: Commission Banque | AG3: Mme. | BA3: Construction | BB3: habitation secondaire
AA4: Brigitte CHRISOLOGUE | AB4: Compromis signé | AC4: D.D.P. envoyée | AE4: Ristourne apporteur | AG4: Melle. | BA4: Terrain+Construction | BB4: résidence locative nue
AB5: Vente signée | AC5: Offre émise | BA5: Achat neuf Clés en main | BB5: résidence locative meublée
AB6: Abandon | AC6: Offre acceptée | BA6: Achat neuf en VEFA
AC7: Prêt réalisé | BA7: Achat ancien sans travaux
AC8: Abandon | BA8: Achat Ancien avec travaux
BA9: Travaux d'amélioration
BA10: Travaux d'agrandissement
BA11: Travaux de transformation
BA12: Travaux économie d'énergie
BA13: Achat de parts de SCPI
BA14: Soulte
BA15: Soulte avec travaux
BA16: Projet divers
BA17: Regroupement de créances
AG356: 0
